 Dungeon Crawl Stone Soup version 0.30-a0-12-gd8047c6341 (webtiles) character file.

Game seed: 7734193150020074825

15 greasedhog the Slasher (level 2, -2/17 HPs)
             Began as a Gargoyle Wanderer on Aug 24, 2022.
             Killed from afar by a dart slug (4 damage)
             ... with a slug dart
             ... on level 1 of the Dungeon.
             The game lasted 00:00:44 (266 turns).

greasedhog the Slasher (Gargoyle Wanderer)           Turns: 266, Time: 00:00:45

Health: -2/17      AC:  4    Str: 11    XL:     2   Next: 50%
Magic:  3/3        EV: 11    Int: 11    God:
Gold:   0          SH:  0    Dex: 14    Spells: 2/3 levels left

rFire   . . .      SeeInvis .    a - +2 falchion
rCold   . . .      Faith    .    (no shield)
rNeg    + . .      Spirit   .    e - +0 robe
rPois   ∞          Reflect  .    (no helmet)
rElec   +          Harm     .    (no cloak)
rCorr   .          Rampage  .    (no gloves)
Will    .....                    (no boots)
Stlth   +.........               (no amulet)
HPRegen 0.05/turn                (no ring)
MPRegen 0.08/turn                (no ring)

@: no status effects
A: sickness immunity, AC +2, negative energy resistance 1, electricity
resistance, torment resistance 1, petrification resistance
a: no special abilities


You were on level 1 of the Dungeon.
You visited 1 branch of the dungeon, and saw 1 of its levels.

Inventory:

Hand Weapons
 a - a +2 falchion (weapon)
 c - a +0 dagger
Missiles
 b - 9 poisoned darts (quivered)
Armour
 e - a +0 robe (worn)
Scrolls
 d - a scroll of teleportation
 g - a scroll of enchant armour {unknown}
Potions
 f - a potion of curing {unknown}


   Skills:
 * Level 2.0 Fighting
 * Level 3.9 Long Blades
 - Level 2.6 Throwing
 - Level 1.0 Spellcasting
 - Level 1.0 Ice Magic


You had 2 spell levels left.
You knew the following spells:

 Your Spells              Type           Power      Damage    Failure   Level
a - Freeze                Ice            8%         1d3       22%         1

Your spell library contained the following spells:

 Spells                   Type           Power      Damage    Failure   Level
 Frozen Ramparts          Ice            4%         1d1       54%         3


Dungeon Overview and Level Annotations

Branches:
Dungeon (1/15)

Altars:


Innate Abilities, Weirdness & Mutations

You are immune to sickness and miasma.
Your stone body is resilient. (AC +2)
You are immune to poison.
You resist negative energy. (rN+)
You are resistant to electric shocks. (rElec)
You are resistant to unholy torment.
You are immune to petrification.


Message History

You see here a jackal corpse.
Things that are here:
a staff of death; a goblin corpse You start resting.
A goblin comes into view. It is wielding a +0 club.
The goblin shouts!
Things that are here:
a staff of death; a goblin corpse The goblin hits you but does no damage.
Things that are here:
a staff of death; a goblin corpse You barely miss the goblin.
The goblin barely misses you.
You hit the goblin but do no damage. The goblin hits you but does no damage.
The goblin hits you with a +0 club.
You hit the goblin.
You kill the goblin!
Things that are here:
a +0 club; a goblin corpse; a jackal corpse
Things that are here:
a staff of death; a goblin corpse The dart slug launches a dart at you.
The slug dart misses you.
A dart slug is nearby!
A dart slug is nearby!
You start resting.
A dart slug is nearby!
You hit the dart slug.
The dart slug is heavily wounded.
The dart slug launches a dart at you. The slug dart hits you.
You hit the dart slug.
The dart slug is severely wounded.
The dart slug launches a dart at you. The slug dart hits you.
* * * LOW HITPOINT WARNING * * *
You hit the dart slug.
The dart slug is almost dead.
The dart slug launches a dart at you. The slug dart hits you.
You die...

#...........#..........
#...........#........#
.#...........#.#))#####
.......<.......#..#
.#...........###..# #
#...........###..# . .
#...........##...# .## ..
#...........##.w.# ..#..#
#...........##@#.###....#
#.8..8.8..8.##|#.#......#
#..÷÷.......##)#....##..#.
#..#...†......
#...w.####.##. #.)..## .)
#....# # #.....# #......#


You could see a dart slug.

Vanquished Creatures
  A bat (D:1)
  2 giant cockroaches (D:1)
  2 goblins (D:1)
  A hobgoblin (D:1)
  2 jackals (D:1)
  2 quokkas (D:1)
  2 kobolds (D:1)
  A rat (D:1)
13 creatures vanquished.

Notes
Turn   | Place    | Note
-------+----------+-------------------------------------------
     0 | D:1      | greasedhog the Gargoyle Wanderer began the quest for the
                  | Orb.
     0 | D:1      | greasedhog set off with the following items: a +2 falchion,
                  | 9 poisoned darts, a +0 dagger, a scroll of teleportation, a
                  | +0 robe; and the following spell memorised: Freeze; and the
                  | following spells available to memorise: Frozen Ramparts.
     0 | D:1      | Reached XP level 1. HP: 12/12 MP: 2/2
   126 | D:1      | Reached XP level 2. HP: 17/17 MP: 3/3
   266 | D:1      | Killed from afar by a dart slug

Illustrated notes

Levels and vault maps discovered:
D:1:      giann_forest_graveyard, layout_rooms

Skill      XL: |  1  2 |
---------------+-------+-----
Fighting       | 2 |  2.0
Long Blades    | |  3.9
Throwing       | |  2.6
Spellcasting   | |  1.0
Ice Magic      | |  1.0

Action                   || total
-------------------------++-------
Melee: Falchion          ||    41
       Punch             ||     1
Armor: Robe              ||    13
Dodge: Dodged            ||    22

Table legend: (Time is in decaauts)
 A = Elapsed time spent in this place.
 B = Non-inter-level travel time spent in this place.
 C = Inter-level travel time spent in this place.
 D = Time resting spent in this place.
 E = Time spent auto-exploring this place.
 F = Levels seen in this place.
 G = Mean time per level.
                   A        B        C        D        E       F      G
               +--------+--------+--------+--------+--------+-----+--------+
         Total |    270 |    270 |      0 |     64 |    106 |   1 |  270.0 |
       Dungeon |    270 |    270 |      0 |     64 |    106 |   1 |  270.0 |
               +--------+--------+--------+--------+--------+-----+--------+

Top non-repeatable levels by time:
     D:1: 270 daAuts
